 Dungeon Crawl Stone Soup version 0.21.0-3-g78d12a8 (webtiles) character file.

253303 Jatast the Warrior (level 19, -7/131 HPs)
             Began as a Gargoyle Earth Elementalist on Jan 13, 2018.
             Was a High Priest of Sif Muna.
             Mangled by a two-headed ogre
             ... wielding a +0 giant spiked club
              (24 damage)
             ... on level 2 of the Vaults.
             The game lasted 02:55:37 (60369 turns).

Jatast the Warrior (Gargoyle Earth Elementalist)   Turns: 60369, Time: 02:55:39

Health: -7/131     AC: 32    Str: 20    XL:     19   Next: 71%
Magic:  33/33      EV: 10    Int: 22    God:    Sif Muna [*****.]
Gold:   1445       SH: 15    Dex: 10    Spells: 8/38 levels left

rFire    + + .     SeeInvis +   H - +3 morningstar (drain)
rCold    x . .     Gourm    .   r - +2 buckler
rNeg     + . .     Faith    .   S - +0 fire dragon scales
rPois    ∞         Spirit   .   c - +0 helmet
rElec    +         Reflect  +   u - scarf {cloud immunity}
rCorr    .         Harm     .   J - +1 pair of gloves
MR       ++...                  e - +0 pair of boots
Stlth    ..........             X - +6 amulet of reflection
HPRegen  0.31/turn              T - ring of Hard Scrabble {MR+ Str+6}
MPRegen  0.23/turn              I - ring of see invisible

@: about to teleport, marked, divine energy
A: big wings, negative energy resistance 1, electricity resistance, unbreathing,
petrification resistance, rot immunity, AC +14
}: 2/15 runes: decaying, gossamer
a: Fly, Stop Divine Energy, Channel Magic, Forget Spell, Renounce Religion


You were on level 2 of the Vaults.
You worshipped Sif Muna.
Sif Muna was extremely pleased with you.
You were very hungry.

You visited 6 branches of the dungeon, and saw 33 of its levels.
You visited 1 bazaar.
You also visited: Labyrinth, Ice Cave and Volcano.

You collected 2990 gold pieces.
You spent 1545 gold pieces at shops.

Inventory:

Hand Weapons
 H - a +3 morningstar of draining (weapon)
Missiles
 b - 286 stones (quivered)
Armour
 c - a +0 helmet (worn)
 e - a +0 pair of boots (worn)
 r - a +2 buckler (worn)
 u - a scarf of cloud immunity (worn)
 J - a +1 pair of gloves (worn)
 S - +0 fire dragon scales (worn)
Magical Staves
 L - an uncursed staff of wizardry
Jewellery
 v - an uncursed ring of protection from cold
 w - a +4 ring of intelligence
 G - an uncursed ring of resist corrosion
 I - a ring of see invisible (right hand)
 T - the ring of Hard Scrabble (left hand) {MR+ Str+6}
   (You bought it in a shop in a bazaar)

   [ring of protection from magic]

   It affects your strength (+6).
   It affects your resistance to hostile enchantments.
 X - a +6 amulet of reflection (around neck)
Wands
 y - a wand of iceblast (32)
 C - a wand of digging (9)
 D - a wand of scattershot (4)
 N - a wand of acid (13)
 P - a wand of disintegration (9)
Scrolls
 h - 28 scrolls of identify
 j - 4 scrolls of enchant weapon
 m - 10 scrolls of teleportation
 p - 2 scrolls of brand weapon
 x - 8 scrolls of remove curse
 M - 5 scrolls of amnesia
 Q - 2 scrolls of fog
 R - 3 scrolls of enchant armour
 V - 2 scrolls of holy word
 Y - a scroll of immolation
Potions
 f - 3 potions of haste
 g - a potion of ambrosia
 i - 7 potions of mutation
 k - 3 potions of berserk rage
 l - 6 potions of magic
 n - 3 potions of might
 o - 2 potions of resistance
 s - 4 potions of heal wounds
 t - 13 potions of curing
 z - 4 potions of agility
 A - 2 potions of invisibility
 B - 4 potions of lignification
 U - 4 potions of brilliance
 Z - a potion of cancellation
Books
 a - a Necronomicon

   Spells                             Type                      Level
   a - Haunt                          Necromancy/Summoning         7
   b - Borgnjor's Revivification      Necromancy                   8
   c - Death's Door                   Charms/Necromancy            8
   d - Infestation                    Necromancy                   8
   e - Necromutation                  Transmutation/Necromancy     8
Miscellaneous
 K - a phantom mirror
Comestibles
 d - 28 rations


   Skills:
 + Level 18.4 Fighting
 - Level 16.0 Maces & Flails
 - Level 12.0 Armour
 - Level 1.6 Dodging
 - Level 2.2 Stealth
 + Level 15.3 Shields
 - Level 10.0 Spellcasting
 - Level 10.0 Conjurations
 - Level 3.0 Translocations
 - Level 0.7 Transmutations
 + Level 14.4 Earth Magic


You had 8 spell levels left.
You knew the following spells:

 Your Spells              Type           Power        Failure   Level  Hunger
a - Sandblast             Erth           ######       1%          1    None
b - Stone Arrow           Conj/Erth      ######       1%          3    None
c - Lee's Rapid Deconstr  Erth           ######....   1%          5    ####...
d - Petrify               Tmut/Erth      #####...     7%          4    ##.....
e - Tukima's Dance        Hex            ##......     43%         3    None
f - Apportation           Tloc           ###...       4%          1    None
g - Blink                 Tloc           N/A          7%          2    None
h - Iron Shot             Conj/Erth      ######....   16%         6    ######.
i - Bolt of Magma         Conj/Fire/Erth #####.....   16%         5    ####...


Dungeon Overview and Level Annotations

Branches:
Dungeon (15/15)            Temple (0/1) D:7            Lair (6/6) D:10
  Swamp (4/4) Lair:2       Spider (4/4) Lair:3        Slime (0/5) Lair:5
    Orc (2/2) D:11            Elf (0/3) Orc:2        Vaults (2/5) D:14
 Depths (0/5) D:15
  Crypt: Vaults:2-3

Altars:
Ashenzari
Fedhas
Gozag
Makhleb
Nemelex Xobeh
Sif Muna
Trog
Uskayaw
Xom
The Shining One
Beogh

Shops:
D:9 :   Orc:2 =%(*=}*   Vaults:1 (

Portals:
Hell: Lair:6

Annotations:
D:8 Prince Ribbit
D:9 exclusion: ice statue
Lair:4 exclusion: oklob plant
Swamp:4 Lernaean hydra
Spider:2 Mara


Innate Abilities, Weirdness & Mutations

You are resistant to torment.
Your stone body is resilient. (AC +14)
You are immune to poison.
Your large and strong wings let you fly indefinitely.
You resist negative energy. (rN+)
You are resistant to electric shocks. (rElec)
You can survive without breathing.
You are immune to petrification.
You are immune to rotting.


Message History

You assume a fearsome visage.
The ogre mage looks frightened!
The ironbrand convoker looks frightened!
The yaktaur captain resists with some effort.
The two-headed ogre resists with almost no effort.
The great orb of eyes easily resists.
The vault sentinel looks frightened!
The yaktaur captain hits you but does no damage.
You block the great orb of eyes's attack.
Okay, then.
As you read the scroll of teleportation, it crumbles to dust.
You feel strangely unstable. The yaktaur captain hits you.
* * * LOW HITPOINT WARNING * * *
You block the great orb of eyes's attack.
The yaktaur captain hits you.
* * * LOW HITPOINT WARNING * * *
The great orb of eyes bites you!
* * * LOW HITPOINT WARNING * * *
You bludgeon the yaktaur captain!! You drain the yaktaur captain!
The yaktaur captain is moderately wounded.
The two-headed ogre hits you with a giant spiked club!!
You die...

.## #######..#######
..# #....#....#:..(#
..####..##....##..#
...# ##'#......#'#
##.####.†.#..#...###
...##...#......#p..##
.#.#................#
#..'................#
...##...#......#@c.##
#######...#..#.GO###
#'#......#'#
..##....##.. ..#....
).O% ##.. ##### ##


You could see a yaktaur captain, a great orb of eyes, a two-headed ogre, an ogre
mage (fleeing) and a vault sentinel (fleeing).

Vanquished Creatures
  Saint Roka (Vaults:1)
  Rupert (Orc:2)
  Kirke (D:12)
  A thorn hunter (Swamp:1)
  Roxanne (Spider:1)
  2 vault wardens
  4 emperor scorpions
  5 ghost moths
  Louise (Swamp:1)
  2 ironheart preservers
  An entropy weaver (Spider:2)
  2 stone giants
  A vampire knight (Vaults:1)
  A deep elf demonologist (Vaults:2)
  Azrael (D:12)
  A spark wasp (Spider:4)
  Snorg (D:12)
  A fire dragon (Vaults:1)
  A minotaur (Lab)
  A deep elf death mage (Vaults:2)
  3 yaktaur captains (Vaults:1)
  Harold (D:12)
  2 great orbs of eyes (Vaults:1)
  Josephine (D:10)
  A rakshasa (Vaults:1)
  An ice dragon (D:11)
  A ghost crab (Swamp:1)
  26 hydras
  A death knight (Vaults:2)
  30 two-headed ogres
  2 centaur warriors
  A catoblepas (D:14)
  8 ogre magi
  6 alligators
  The ghost of Mesmaeker13 the Fighter, a novice FoAK of Lugonu (D:8)
  4 tengu warriors
  Urug (Lair:4)
  A death yak (Lair:6)
  3 orc high priests (Orc:2)
  Nergalle (Lair:4)
  A skeletal warrior (Vaults:2)
  A sixfirhy (Lair:6)
  5 unseen horrors
  3 spriggan druids
  An entropy weaver zombie (Vaults:1)
  A small abomination (Vaults:1)
  11 swamp dragons
  6 wizards
  4 deep elf archers
  3 ironbrand convokers (Vaults:1)
  4 orc knights
  3 shambling mangroves
  A phantasmal warrior (Vaults:1)
  28 wolf spiders
  16 orb spiders
  A necromancer (Vaults:1)
  5 orc sorcerers
  10 deep elf magi
  8 ugly things
  2 moths of wrath
  4 cyclopes
  2 manticores (D:15)
  2 centaur zombies (D:14)
  A smoke demon (Volcano)
  2 torpor snails
  2 molten gargoyles (Volcano)
  Maurice (D:10)
  3 vault sentinels (Vaults:1)
  10 elephants
  A black mamba (Lair:6)
  A naga mage (D:15)
  Psyche (D:9)
  3 gargoyles
  An orange demon (Lair:6)
  19 spiny frogs
  2 rime drakes (Lair:6)
  A yaktaur (shapeshifter) (D:13)
  2 centaur skeletons
  2 ice devils
  7 yaktaurs (Vaults:1)
  4 freezing wraiths (Vaults:1)
  A hellwing (Lair:6)
  4 red devils
  11 demonic crawlers
  6 komodo dragons
  2 tengu conjurers (D:12)
  A queen bee (D:14)
  5 trolls
  25 slime creatures
  32 jumping spiders
  5 polar bears
  A wind drake (shapeshifter) (Vaults:1)
  8 tyrant leeches
  3 meliai (D:14)
  9 hippogriffs
  19 dream sheep
  An ettin zombie (Vaults:1)
  16 blink frogs
  26 hornets
  10 bog bodies
  A meliai zombie (D:13)
  2 shadows
  A centaur simulacrum (D:15)
  16 spriggans
  30 tarantellas
  A vampire (D:15)
  74 redbacks
  3 water elementals
  7 wraiths
  2 wyverns
  A human (shapeshifter) (Vaults:1)
  2 fire bats (Volcano)
  41 yaks
  2 fire elementals
  19 vampire mosquitoes
  4 basilisks
  4 hungry ghosts
  Menkaure (D:4)
  A warg (Vaults:1)
  2 human zombies (Vaults:1)
  9 insubstantial wisps (Swamp:1)
  An acid dragon (D:13)
  6 hell hounds
  17 swamp worms
  14 water moccasins
  2 porcupines
  2 phantoms
  5 sky beasts
  29 orc warriors
  A black bear (D:9)
  8 ice beasts
  16 swamp drakes
  A necrophage (D:11)
  25 ogres
  An eye of draining (D:7)
  5 wolves (Lair:1)
  8 centaurs
  10 crocodiles
  20 bullfrogs
  2 big kobolds
  2 gnoll sergeants
  A yaktaur skeleton (Vaults:1)
  2 wyvern skeletons
  3 scorpions
  An elf simulacrum (Vaults:1)
  37 killer bees
  6 howler monkeys
  16 wights
  4 electric eels (D:13)
  3 lava snakes (Volcano)
  7 crimson imps
  4 bullfrog zombies
  30 orc priests
  38 orc wizards
  2 bullfrog skeletons
  5 hounds
  21 jellies
  Natasha (thrice) (D:3)
  5 iguanas
  12 worker ants
  A killer bee zombie (D:9)
  2 hound skeletons
  Robin (D:2)
  A worker ant zombie (D:8)
  7 gnolls
  A howler monkey skeleton (D:6)
  12 adders
  10 shadow imps
  3 ufetubi (D:9)
  7 oozes
  2 adder skeletons
  An adder zombie (D:5)
  4 worms
  A dart slug (D:1)
  3 leopard geckos
  71 orcs
  A ball python (D:3)
  11 giant cockroaches
  11 goblins
  6 hobgoblins
  6 jackals
  3 quokkas
  8 bats
  4 frilled lizards
  20 kobolds
  A leopard gecko skeleton (D:4)
  A leopard gecko zombie (D:6)
  4 rats
  2 fungi
1298 creatures vanquished.

Vanquished Creatures (collateral kills)
  A two-headed ogre (D:15)
  3 orcs (Orc:2)
4 creatures vanquished.

Vanquished Creatures (others)
  Agnes (Spider:3)
  An alligator (Swamp:2)
  A yaktaur (Vaults:1)
  A spriggan (Swamp:4)
  2 humans (D:12)
  3 dancing weapons
  2 orc wizards (D:6)
  6 fungi
  13 plants
30 creatures vanquished.

Grand Total: 1332 creatures vanquished

Notes
Turn   | Place    | Note
-------+----------+-------------------------------------------
     0 | D:1      | Jatast the Gargoyle Earth Elementalist began the quest for the Orb.
     0 | D:1      | Reached XP level 1. HP: 10/10 MP: 3/3
   176 | D:1      | Reached XP level 2. HP: 15/15 MP: 0/5
   897 | D:2      | Reached skill level 1 in Fighting
   936 | D:2      | Reached XP level 3. HP: 20/20 MP: 4/6
  1129 | D:2      | Reached skill level 2 in Fighting
  1129 | D:2      | Reached skill level 1 in Maces & Flails
  1129 | D:2      | Reached skill level 5 in Earth Magic
  1129 | D:2      | Reached XP level 4. HP: 8/26 MP: 0/7
  1357 | D:2      | Learned a level 3 spell: Stone Arrow
  1552 | D:2      | Found a burning altar of Makhleb.
  1767 | D:2      | Noticed Robin
  1775 | D:2      | Killed Robin
  1775 | D:2      | Reached skill level 1 in Armour
  1787 | D:2      | Reached XP level 5. HP: 27/31 MP: 2/8
  2347 | D:3      | Noticed Natasha
  2366 | D:3      | Killed Natasha
  2373 | D:3      | Noticed Natasha
  2384 | D:3      | Killed Natasha
  2518 | D:3      | Noticed Natasha
  2528 | D:3      | Killed Natasha
  2528 | D:3      | Reached skill level 3 in Fighting
  2777 | D:3      | Reached XP level 6. HP: 37/37 MP: 9/9
  3913 | D:4      | Noticed Menkaure
  3927 | D:4      | Killed Menkaure
  3927 | D:4      | Reached skill level 4 in Fighting
  3927 | D:4      | Reached XP level 7. HP: 18/43 MP: 5/10
  4229 | D:4      | Found a sparkling altar of Nemelex Xobeh.
  4583 | D:5      | Entered Level 5 of the Dungeon
  4642 | D:5      | Found a deep blue altar of Sif Muna.
  4646 | D:5      | Became a worshipper of Sif Muna the Loreminder
  4950 | D:5      | Learned a level 5 spell: Lee's Rapid Deconstruction
  5143 | D:5      | Reached skill level 5 in Fighting
  5143 | D:5      | Reached XP level 8. HP: 10/49 MP: 8/11
  6460 | D:5      | Reached skill level 5 in Armour
  6726 | D:5      | Reached skill level 5 in Maces & Flails
  6925 | D:5      | Reached skill level 6 in Fighting
  7050 | D:6      | Reached * piety under Sif Muna
  7229 | D:6      | Reached XP level 9. HP: 46/55 MP: 9/12
  8572 | D:7      | Found a bloodstained altar of Trog.
  8608 | D:7      | Reached skill level 7 in Fighting
  9158 | D:7      | Reached ** piety under Sif Muna
  9672 | D:7      | Reached XP level 10. HP: 64/64 MP: 9/13
  9765 | D:7      | Found a shimmering altar of Xom.
 10326 | D:7      | Found a staircase to the Ecumenical Temple.
 10623 | D:8      | Reached skill level 1 in Shields
 10903 | D:8      | Noticed Mesmaeker13's ghost (novice FoAK)
 11212 | D:8      | Killed Mesmaeker13's ghost
 11593 | D:8      | Found a glowing golden altar of the Shining One.
 11606 | D:8      | Found an opulent altar of Gozag.
 12361 | D:8      | Reached skill level 10 in Earth Magic
 12434 | D:8      | Reached *** piety under Sif Muna
 12681 | D:8      | Reached skill level 8 in Fighting
 12738 | D:9      | Noticed Prince Ribbit
 12922 | D:9      | Noticed a gargoyle
 12922 | D:9      | Found a hide-covered altar of Uskayaw.
 12924 | D:9      | Killed a gargoyle
 12953 | D:9      | Reached XP level 11. HP: 53/68 MP: 6/14
 13615 | D:9      | Noticed Psyche
 13806 | D:9      | Killed Psyche
 13882 | D:9      | Learned a level 4 spell: Petrify
 13902 | D:9      | Identified a scroll of acquirement
 14445 | D:9      | Found a shattered altar of Ashenzari.
 14753 | D:9      | Found Ottuor Cael's Book Boutique.
 14783 | D:10     | Entered Level 10 of the Dungeon
 14830 | D:10     | Reached skill level 9 in Fighting
 15067 | D:10     | Noticed Josephine
 15155 | D:10     | Killed Josephine
 15155 | D:10     | Reached **** piety under Sif Muna
 15348 | D:10     | Noticed a two-headed ogre
 15361 | D:10     | Killed a two-headed ogre
 15599 | D:10     | Noticed Maurice
 15619 | D:10     | Killed Maurice
 15745 | D:10     | Reached skill level 5 in Spellcasting
 15798 | D:10     | Learned a level 3 spell: Tukima's Dance
 15934 | D:10     | Found a staircase to the Lair.
 16116 | Lair:1   | Entered Level 1 of the Lair of Beasts
 16140 | Lair:1   | Reached XP level 12. HP: 70/77 MP: 0/19
 16161 | Lair:1   | Reached skill level 10 in Maces & Flails
 16171 | Lair:1   | Reached skill level 10 in Fighting
 16471 | Lair:1   | Noticed a four-headed hydra
 16478 | Lair:1   | Killed a four-headed hydra
 16725 | Lair:1   | Noticed an eight-headed hydra
 16731 | Lair:1   | Killed an eight-headed hydra
 16731 | Lair:1   | Reached skill level 10 in Armour
 17541 | Lair:2   | Found a staircase to the Swamp.
 17834 | Lair:2   | Learned a level 1 spell: Apportation
 18372 | Lair:3   | Noticed a four-headed hydra
 18379 | Lair:3   | Killed a four-headed hydra
 18440 | Lair:3   | Found a labyrinth entrance.
 18448 | Lab      | Entered a labyrinth
 19922 | Lab      | Noticed a minotaur
 19927 | Lab      | Killed a minotaur
 20179 | Lair:3   | Found a hole to the Spider Nest.
 20224 | Lair:3   | Reached skill level 11 in Fighting
 20368 | Lair:3   | Reached XP level 13. HP: 77/84 MP: 23/23
 20552 | Lair:4   | Noticed Urug
 20561 | Lair:4   | Killed Urug
 20755 | Lair:4   | Noticed Nergalle
 20771 | Lair:4   | Killed Nergalle
 21022 | Lair:4   | Found a dark tunnel.
 21032 | Volcano  | Entered a volcano
 21320 | Volcano  | Found a burning altar of Makhleb.
 22863 | Lair:5   | Found a staircase to the Slime Pits.
 23058 | Lair:5   | Reached skill level 12 in Fighting
 23185 | Lair:5   | Reached ***** piety under Sif Muna
 23472 | Lair:5   | Received a gift from Sif Muna
 23482 | Lair:5   | Learned a level 2 spell: Blink
 23739 | Lair:6   | Entered Level 6 of the Lair of Beasts
 24097 | Lair:6   | Found a blossoming altar of Fedhas.
 24169 | Lair:6   | Gained mutation: Your large and strong wings let you fly indefinitely. [Gargoyle growth]
 24169 | Lair:6   | Reached XP level 14. HP: 86/92 MP: 5/26
 24452 | Lair:6   | Reached skill level 5 in Shields
 26183 | Lair:6   | Reached skill level 13 in Fighting
 27305 | Lair:6   | Found a burning altar of Makhleb.
 27311 | Lair:6   | Found a gateway to Hell.
 27454 | Lair:6   | HP: 3/94 [ice devil (21)]
 27990 | D:11     | Found a staircase to the Orcish Mines.
 28152 | D:11     | Found a frozen archway.
 28366 | IceCv    | Entered an ice cave
 29505 | D:12     | Noticed Azrael
 29687 | D:12     | Noticed Snorg
 29769 | D:12     | Killed Snorg
 29836 | D:12     | Noticed Kirke
 29847 | D:12     | Killed Kirke
 29847 | D:12     | Reached skill level 10 in Spellcasting
 29847 | D:12     | Reached XP level 15. HP: 99/99 MP: 2/29
 29935 | D:12     | Noticed Harold
 29946 | D:12     | Killed Harold
 30082 | D:12     | Killed Azrael
 32295 | D:14     | Reached skill level 14 in Fighting
 33508 | D:14     | Identified Sif Muna's Collected Works on the Traveller (Sif Muna gifted it to you on level 14 of the Dungeon)
 33508 | D:14     | Received a gift from Sif Muna
 33525 | D:14     | Learned a level 6 spell: Iron Shot
 33880 | D:14     | Found a gate to the Vaults.
 33916 | D:15     | Entered Level 15 of the Dungeon
 34050 | D:15     | Reached skill level 1 in Conjurations
 34954 | D:15     | Found a staircase to the Depths.
 35052 | D:15     | Reached XP level 16. HP: 107/107 MP: 20/30
 35335 | D:15     | Reached skill level 10 in Shields
 35922 | Orc:1    | Entered Level 1 of the Orcish Mines
 36299 | Orc:1    | Found a roughly hewn altar of Beogh.
 36319 | Orc:2    | Entered Level 2 of the Orcish Mines
 36319 | Orc:2    | Found Laot's Weapon Emporium.
 36324 | Orc:2    | Found Gingadaq's Magic Scroll Shop.
 36338 | Orc:2    | Paralysed by an orc sorcerer for 3 turns
 36374 | Orc:2    | Noticed Rupert
 36602 | Orc:2    | Found a flickering gateway to a bazaar.
 36616 | Bazaar   | Entered a bazaar
 36616 | Bazaar   | Found Diodwah's Book Emporium.
 36616 | Bazaar   | Found Liatsutin's Gadget Shoppe.
 36616 | Bazaar   | Found Guixt's Distillery.
 36836 | Bazaar   | Found Deig's Jewellery Shoppe.
 36863 | Bazaar   | Bought a potion of heal wounds for 60 gold pieces
 36866 | Bazaar   | Bought the ring of Hard Scrabble {MR+ Str+6} for 713 gold pieces
 37033 | Orc:2    | Found Vuaqaidgh's Jewellery Shoppe.
 37047 | Orc:2    | Killed Rupert
 37204 | Orc:2    | Found Harynli's Food Emporium.
 37700 | Orc:2    | Found a staircase to the Elven Halls.
 37760 | Orc:2    | Found Jioserch's Gadget Shoppe.
 37761 | Orc:2    | Found Neaperal's General Store.
 37762 | Orc:2    | Found Welerret's Jewellery Emporium.
 37776 | Orc:2    | Found Iroa's General Store.
 37782 | Orc:2    | Bought 19 stones for 22 gold pieces
 37782 | Orc:2    | Bought 20 stones for 24 gold pieces
 37782 | Orc:2    | Bought 20 stones for 24 gold pieces
 37783 | Orc:2    | Bought a +6 amulet of reflection for 702 gold pieces
 38125 | Spider:1 | Entered Level 1 of the Spider Nest
 38242 | Spider:1 | Reached skill level 15 in Fighting
 38250 | Lair:3   | Reached skill level 5 in Conjurations
 38585 | Lair:3   | Reached skill level 1 in Translocations
 39945 | Spider:1 | Noticed Roxanne
 40664 | Spider:1 | Killed Roxanne
 40814 | Spider:1 | Learned a level 5 spell: Bolt of Magma
 40923 | Spider:1 | Identified Duto's Collected Works on Dusty Protection (Sif Muna gifted it to you on level 1 of the Spider Nest)
 40923 | Spider:1 | Received a gift from Sif Muna
 42644 | Spider:3 | Noticed Mara
 42665 | Spider:3 | Noticed Jatast's illusion
 42828 | Spider:3 | Noticed Jatast's illusion
 43007 | Spider:2 | Noticed Jatast's illusion
 43018 | Spider:2 | Noticed Jatast's illusion
 43146 | Spider:3 | Noticed Agnes
 43541 | Spider:3 | Reached XP level 17. HP: 110/113 MP: 2/31
 44298 | Spider:3 | Reached skill level 15 in Maces & Flails
 44606 | Spider:3 | Killed Agnes
 44912 | Spider:4 | Entered Level 4 of the Spider Nest
 46081 | Spider:4 | Identified Sif Muna's Catalogue of Earth and Execration (Sif Muna gifted it to you on level 4 of the Spider Nest)
 46081 | Spider:4 | Received a gift from Sif Muna
 46133 | Spider:4 | Reached skill level 16 in Fighting
 47744 | Spider:4 | Got a gossamer rune of Zot
 48177 | Swamp:1  | Entered Level 1 of the Swamp
 48259 | Swamp:1  | Noticed Louise
 48295 | Swamp:1  | Killed Louise
 49315 | Swamp:1  | Reached XP level 18. HP: 88/122 MP: 8/32
 51212 | Swamp:3  | Reached skill level 10 in Conjurations
 51580 | Swamp:2  | Identified Sif Muna's Tome of Blows and Bruises and Intoxication (Sif Muna gifted it to you on level 2 of the Swamp)
 51580 | Swamp:2  | Received a gift from Sif Muna
 52667 | Swamp:4  | Entered Level 4 of the Swamp
 53269 | Swamp:4  | Reached skill level 17 in Fighting
 53952 | Swamp:4  | Noticed the 27-headed Lernaean hydra
 54983 | Swamp:4  | Got a decaying rune of Zot
 55281 | Vaults:1 | Entered Level 1 of the Vaults
 56496 | Vaults:1 | Noticed Saint Roka
 57226 | Vaults:1 | HP: 6/124 [Saint Roka/divine providence (16)]
 57633 | Vaults:1 | Killed Saint Roka
 57633 | Vaults:1 | Reached XP level 19. HP: 82/128 MP: 1/33
 58274 | Vaults:1 | Received a gift from Sif Muna
 58597 | Vaults:1 | Found Defulu's Antique Weapon Shoppe.
 58939 | Vaults:2 | Reached skill level 18 in Fighting
 59019 | Vaults:1 | Reached skill level 15 in Shields
 59261 | Vaults:1 | HP: 5/130 [disintegration (25)]
 60359 | Vaults:2 | Paralysed by a great orb of eyes for 6 turns
 60369 | Vaults:2 | Mangled by a two-headed ogre

Skill      XL: |  1  2  3  4  5  6  7  8  9 10 11 12 13 14 15 16 17 18 19 |
---------------+----------------------------------------------------------+-----
Earth Magic    | 4 5 7 8 10 11 13 14 | 14.4
Fighting       | 1 2 3 4 5 6 7 8 9 11 12 13 14 15 16 17 18 | 18.4
Maces & Flails | 1 2 3 4 5 6 8 9 11 12 13 14 15 16 | 16.0
Armour         | 1 2 3 4 5 7 9 10 12 | 12.0
Shields        | 4 7 9 11 12 14 15 | 15.3
Spellcasting   | 5 7 8 10 | 10.0
Conjurations   | 3 6 9 10 | 10.0
Translocations | 3 |  3.0
Dodging        | |  1.6
Stealth        | |  2.2
Transmutations | |  0.7

Action                   |  1- 3 |  4- 6 |  7- 9 | 10-12 | 13-15 | 16-18 | 19-21 || total
-------------------------+-------+-------+-------+-------+-------+-------+-------++-------
Melee: Unarmed           |     1 |       |       |       |       |       |       ||     1
       Dagger            |    11 |       |       |       |       |       |       ||    11
       Short sword       |    10 |       |       |       |       |       |       ||    10
       Whip              |    24 |   186 |       |       |       |       |       ||   210
       Flail             |       |    44 |   336 |    40 |       |       |       ||   420
       Morningstar       |       |       |       |   722 |  1200 |  2047 |   347 ||  4316
       Staff             |       |       |       |       |     8 |       |       ||     8
 Cast: Sandblast         |    29 |    41 |    96 |    74 |   154 |   122 |     7 ||   523
       Stone Arrow       |       |       |     7 |    16 |   198 |   297 |    33 ||   551
       Lee's Rapid Decon |       |       |     2 |    51 |    77 |    68 |    11 ||   209
       Petrify           |       |       |       |     4 |    10 |    14 |       ||    28
       Tukima's Dance    |       |       |       |       |     8 |     2 |       ||    10
       Apportation       |       |       |       |       |     3 |       |       ||     3
       Blink             |       |       |       |       |       |     3 |     3 ||     6
       Bolt of Magma     |       |       |       |       |       |    28 |     8 ||    36
       Iron Shot         |       |       |       |       |       |    27 |       ||    27
Invok: Divine Energy     |       |       |     1 |       |       |       |       ||     1
 Abil: Fly               |       |       |       |       |     1 |       |       ||     1
       Stop Flying       |       |       |       |       |       |     1 |       ||     1
Evoke: Wand              |       |       |     1 |     5 |     8 |     5 |       ||    19
  Use: Scroll            |       |    14 |     6 |     7 |     7 |     6 |     3 ||    43
       Potion            |       |       |       |     2 |     2 |     2 |     1 ||     7
 Stab: Sleeping          |     3 |       |       |     1 |       |       |       ||     4
       Petrified         |       |       |       |     5 |    40 |    45 |       ||    90
       Petrifying        |       |       |       |       |     4 |     2 |       ||     6
  Eat: Chunk             |     1 |    10 |    15 |    27 |    39 |    56 |     8 ||   156
       Ration            |       |       |     2 |     8 |     8 |    15 |     1 ||    34
Armor: Robe              |     8 |       |       |       |       |       |       ||     8
       Ring mail         |    32 |     9 |       |       |       |       |       ||    41
       Scale mail        |       |   154 |   309 |   243 |       |       |       ||   706
       Troll leather arm |       |       |       |   225 |    54 |       |       ||   279
       Fire dragon scale |       |       |       |       |   924 |  1696 |   165 ||  2785
Dodge: Dodged            |    38 |   144 |   169 |   408 |   480 |   973 |    94 ||  2306
Block: Buckler           |       |       |       |   256 |   456 |  1796 |   264 ||  2772
       Reflection        |       |       |       |       |       |    22 |    14 ||    36
